[Event "Titled Tuesday Blitz December 13 Early 2022"]
[White "Rakhmanov, Aleksandr"]
[Black "Sjugirov, Sanan"]
[WhiteFideId "4173708"]
[BlackFideId "4189302"]
[WhiteElo "2530"]
[BlackElo "2613"]
[Result "0-1"]
[Round "06"]
[TimeControl "180+1"]
[Date "2022.12.13"]
[WhiteClock "0:00:03"]
[BlackClock "0:00:04"]

1. c4 Nf6 2. Nc3 e5 3. Nf3 Nc6 4. e4 Bb4 5. d3 d6 6. a3 Bc5 7. b4 Bb6 8. Be2 Bg4 9. Be3 Bxf3 10. Bxf3 Bxe3 11. fxe3 a5 12. b5 Ne7 13. O-O O-O 14. Ra2 Ng6 15. Raf2 c6 16. Be2 Nd7 17. d4 Qe7 18. g3 f6 19. Bg4 Rfd8 20. h4 Nh8 21. bxc6 bxc6 22. d5 c5 23. Be6+ Nf7 24. g4 Nf8 25. g5 Nxe6 26. gxf6 gxf6 27. dxe6 Qxe6 28. Rxf6 Qh3 29. R1f2 Kh8 30. Rh2 Qxe3+ 31. Kh1 Qxc3 32. Rxf7 Qe3 33. Re2 Qh6 34. Rh2 Rf8 35. Rf1 Rxf1+ 36. Qxf1 Rf8 37. Qg1 Qf4 38. Qe1 Qf3+ 39. Rg2 Rg8 40. Qe2 Qh3+ 41. Kg1 Rxg2+ 42. Qxg2 Qxh4 43. Qd2 Qg4+ 44. Kh1 Qxe4+ 45. Kg1 Qd4+ 0-1


[Site "https://www.chess.com"]

[Event "Titled Tuesday Blitz December 13 Early 2022"]
[White "Rangel, Daniel"]
[Black "Khoroshev, Nikita"]
[WhiteFideId "2124475"]
[BlackFideId "14200287"]
[WhiteElo "2225"]
[BlackElo "2354"]
[Result "0-1"]
[Round "06"]
[TimeControl "180+1"]
[Date "2022.12.14"]
[WhiteClock "0:00:01"]
[BlackClock "0:00:21"]

1. d4 Nf6 2. c4 g6 3. Nc3 Bg7 4. e4 d6 5. Nf3 O-O 6. Be2 Na6 7. O-O e5 8. d5 Nc5 9. Qc2 Nh5 10. g3 a5 11. Ne1 Bd7 12. Bxh5 gxh5 13. Be3 b6 14. Nd3 f5 15. Nxc5 bxc5 16. exf5 Bxf5 17. Ne4 Qe8 18. f3 a4 19. b3 axb3 20. axb3 Qg6 21. Kg2 h4 22. Rxa8 h3+ 23. Kg1 Rxa8 24. Kh1 Rf8 25. Rf2 Bh6 26. Bxh6 Qxh6 27. Kg1 Ra8 28. Rf1 Qe3+ 29. Qf2 Qxb3 30. g4 Bg6 31. Nf6+ Kf7 32. f4 Ra2 33. Qg3 Rg2+ 34. Kh1 Rxg3 35. fxe5 Rf3 36. e6+ Kxf6 37. g5+ Ke7 38. Rf2 Qd1+ 39. Rf1 Qxf1# 0-1


[Site "https://www.chess.com"]

[Event "Titled Tuesday Blitz December 13 Early 2022"]
[White "Remizov, Yaroslav"]
[Black "Mihajlov, Sebastian"]
[WhiteFideId "34134015"]
[BlackFideId "1512110"]
[WhiteElo "2415"]
[BlackElo "2464"]
[Result "1-0"]
[Round "06"]
[TimeControl "180+1"]
[Date "2022.12.14"]
[WhiteClock "0:01:55"]
[BlackClock "0:00:14"]

1. e4 e5 2. Nc3 Nc6 3. Nf3 Nf6 4. Be2 Bc5 5. Nxe5 Nxe5 6. d4 Bb4 7. dxe5 Nxe4 8. Qd4 Nxc3 9. bxc3 Be7 10. Qg4 g6 11. Bh6 d6 12. Qg3 Be6 13. O-O Bh4 14. Qe3 d5 15. Rab1 Qc8 16. Bg7 Rg8 17. Bf6 Bxf6 18. exf6 c5 19. Bb5+ Kd8 20. Rfd1 Qc7 21. c4 d4 22. c3 a6 23. Ba4 Bxc4 24. cxd4 Kc8 25. dxc5 Be6 26. Rb6 Rd8 27. Rdb1 Bd5 28. c6 Bxc6 29. Bxc6 bxc6 30. h4 Qd6 1-0


[Site "https://www.chess.com"]

[Event "Titled Tuesday Blitz December 13 Early 2022"]
[White "Roque Sola, Gisela"]
[Black "Kirillov, Dmitry"]
[WhiteFideId "5120241"]
[BlackFideId "34180572"]
[WhiteElo "1961"]
[BlackElo "2111"]
[Result "0-1"]
[Round "06"]
[TimeControl "180+1"]
[Date "2022.12.14"]
[WhiteClock "0:00:01"]
[BlackClock "0:00:07"]

1. e4 c6 2. d4 d5 3. e5 c5 4. dxc5 Nc6 5. Nf3 Bg4 6. Bb5 e6 7. O-O Bxc5 8. c3 Bxf3 9. Qxf3 Ne7 10. b4 Bb6 11. Bf4 O-O 12. Na3 a5 13. Nc2 axb4 14. Bxc6 bxc6 15. cxb4 Ng6 16. a4 Bc7 17. Rfe1 Qb8 18. g3 Nxe5 19. Qc3 Nc4 20. Bxc7 Qxc7 21. Nd4 Rfb8 22. b5 cxb5 23. axb5 Qb6 24. Rxa8 Rxa8 25. Ra1 Rxa1+ 26. Qxa1 h6 27. Qa8+ Kh7 28. Nc6 Kg6 29. Ne7+ Kf6 30. Ng8+ Ke5 31. Qe8 Qb7 32. Ne7 Nd6 33. Nc6+ Ke4 34. Qd8 Nf5 35. Kg2 Qxb5 36. Qd7 Qe2 37. Qxf7 Ne3+ 38. Kh3 Qg4# 0-1


[Site "https://www.chess.com"]

[Event "Titled Tuesday Blitz December 13 Early 2022"]
[White "Roque Sola, Jose Luis"]
[Black "Todorovic, Bojan"]
[WhiteFideId "5120390"]
[BlackFideId "917087"]
[WhiteElo "2117"]
[BlackElo "2266"]
[Result "0-1"]
[Round "06"]
[TimeControl "180+1"]
[Date "2022.12.14"]
[WhiteClock "0:00:10"]
[BlackClock "0:00:48"]

1. c4 g6 2. Nf3 Bg7 3. g3 Nf6 4. Bg2 O-O 5. O-O d6 6. Nc3 c6 7. Rb1 a5 8. a3 e5 9. d3 h6 10. b4 axb4 11. axb4 Be6 12. Bb2 Nbd7 13. Ra1 Qb6 14. b5 Nc5 15. Nd2 d5 16. cxd5 cxd5 17. Qc2 Rac8 18. Qb1 Rfd8 19. Ba3 e4 20. Bxc5 Qxc5 21. Na4 Qc2 22. Ra2 Qxb1 23. Nxb1 exd3 24. exd3 Bf5 25. Nb6 Rc5 26. d4 Rxb5 27. Na8 0-1


[Site "https://www.chess.com"]

[Event "Titled Tuesday Blitz December 13 Early 2022"]
[White "Rosenberg, Evan S"]
[Black "Lacasa Diaz, Jose Antonio"]
[WhiteFideId "2019299"]
[BlackFideId "2203375"]
[WhiteElo "2416"]
[BlackElo "2338"]
[Result "1/2-1/2"]
[Round "06"]
[TimeControl "180+1"]
[Date "2022.12.14"]
[WhiteClock "0:00:14"]
[BlackClock "0:00:10"]

1. d4 d5 2. Nf3 e6 3. g3 c5 4. Bg2 Nc6 5. O-O Nf6 6. c4 cxd4 7. Nxd4 Bc5 8. Nb3 Bb6 9. Nc3 O-O 10. cxd5 Nxd5 11. Nxd5 exd5 12. Qxd5 Qxd5 13. Bxd5 Nb4 14. Bf3 Be6 15. Bd2 Nxa2 16. Rxa2 Bxb3 17. Ra3 Bc4 18. Rc1 Bb5 19. Bxb7 Rad8 20. Bb4 Rfe8 21. e3 Be2 22. Bg2 h5 23. h4 g6 24. Re1 Bg4 25. Bc3 Re6 26. Kh2 Red6 27. Raa1 R6d7 28. Bf6 Rc8 29. f3 Be6 30. Bd4 Bxd4 31. exd4 Rxd4 32. Rxa7 Rd2 33. Kh1 Rxb2 34. f4 Rcc2 35. Bf3 Rh2+ 36. Kg1 Rhd2 37. Ra8+ Kg7 38. Ra7 Kf6 39. Rb7 Rxb7 40. Bxb7 Rd3 41. Kf2 Rd2+ 42. Re2 Rxe2+ 43. Kxe2 Bf5 44. Kf3 Bg4+ 45. Kf2 Be6 46. Bf3 Bf5 47. Ke3 Be6 48. Be4 Bg4 49. Bf3 Bf5 50. Be2 Be6 51. Bd3 Bd7 52. Kd4 Bg4 53. Kc5 Bf3 54. Kd6 Bd1 55. Kd7 Ba4+ 56. Kd8 Bb3 57. Ke8 Ba2 58. Kf8 Bb3 59. Be4 Ba2 60. Bc6 Bb3 61. Bf3 Ba2 62. Be2 Bb3 63. Bd3 Bd5 64. Be2 Be6 65. Bf3 Bc4 66. Bc6 Bb3 67. Be8 Ba2 68. Bb5 Bb3 69. Be2 Ba2 70. Ke8 Bb3 71. Kd7 Ba2 72. Kd6 Bb3 73. Kc5 Ba2 74. Kd4 Be6 75. Ke3 Ba2 76. Bf3 Be6 77. Kf2 Bf5 78. Kg2 Be6 79. Kf2 1/2-1/2


[Site "https://www.chess.com"]

[Event "Titled Tuesday Blitz December 13 Early 2022"]
[White "Salinas Herrera, Pablo"]
[Black "Kozlov, Gennady"]
[WhiteFideId "3407128"]
[BlackFideId "4191668"]
[WhiteElo "2557"]
[BlackElo "2356"]
[Result "1-0"]
[Round "06"]
[TimeControl "180+1"]
[Date "2022.12.14"]
[WhiteClock "0:00:13"]
[BlackClock "0:00:20"]

1. e4 e6 2. d4 d5 3. exd5 exd5 4. Bd3 Bd6 5. Nf3 Ne7 6. O-O O-O 7. c3 Bf5 8. Be2 c6 9. Nbd2 Nd7 10. Re1 Ng6 11. Nf1 Nf6 12. Ng3 Be6 13. Bd3 Qc7 14. Nf5 Bf4 15. g3 Bxc1 16. Qxc1 Ne4 17. N5h4 Nxh4 18. Nxh4 Nf6 19. Qg5 h6 20. Qd2 Rfe8 21. f3 Bh3 22. Kf2 g5 23. Bf5 Bxf5 24. Nxf5 Kh7 25. Qd3 Kh8 26. Nxh6 Kg7 27. Qf5 Nh7 28. Ng4 Qc8 29. Qd3 Qd7 30. Rad1 f6 31. a3 Nf8 32. h3 Ng6 33. Rc1 Rh8 34. Kg2 Rae8 35. Rcd1 f5 36. Ne5 Nxe5 37. Rxe5 Rxe5 38. dxe5 Qe6 39. f4 gxf4 40. gxf4 Kf7 41. Kh2 Qh6 42. Qf3 Ke6 43. Rg1 Qh4 44. Rg3 Rh6 45. b3 Qh5 46. Qxh5 Rxh5 47. Rg6+ Kf7 48. Rf6+ Ke7 49. Kg3 c5 50. Rd6 Rh7 51. Rxd5 Rg7+ 52. Kf3 b6 53. Rd6 Rg1 54. Rf6 Rc1 55. Rxf5 Rxc3+ 56. Kg4 Rxb3 57. Rh5 Rxa3 58. Rh7+ Ke6 59. Rh6+ Kf7 60. f5 Ra1 61. Rh7+ Kg8 62. Rc7 Rg1+ 63. Kh5 a5 64. e6 a4 65. f6 Re1 66. Rc8+ Kh7 67. f7 Re5+ 68. Kg4 Rxe6 69. f8=Q Rg6+ 70. Kh5 1-0


[Site "https://www.chess.com"]

[Event "Titled Tuesday Blitz December 13 Early 2022"]
[White "Salman, Pavel"]
[Black "Matveeva, Olga"]
[WhiteFideId "24153753"]
[BlackFideId "24107018"]
[WhiteElo "2187"]
[BlackElo "2056"]
[Result "1-0"]
[Round "06"]
[TimeControl "180+1"]
[Date "2022.12.14"]
[WhiteClock "0:00:24"]
[BlackClock "0:00:05"]

1. Nf3 Nf6 2. g3 e6 3. Bg2 d5 4. O-O Be7 5. d3 O-O 6. Nbd2 c5 7. e4 Nc6 8. Re1 b6 9. e5 Nd7 10. Nf1 Bb7 11. h4 b5 12. h5 h6 13. Bf4 Qb6 14. N1h2 Rfc8 15. Qd2 Bf8 16. g4 Nd4 17. Nxd4 cxd4 18. g5 hxg5 19. Bxg5 Nxe5 20. Rxe5 f6 21. Re2 fxg5 22. Qxg5 Qd8 23. Qg6 Qe8 24. Bh3 e5 25. Be6+ Kh8 26. Rxe5 Rxc2 27. Rae1 Bd6 28. Rg5 Qf8 29. Ng4 Bh2+ 30. Kxh2 Rxf2+ 31. Kg1 Rf4 32. Bf5 Rxf5 33. Rxf5 Qb4 34. Ref1 Qd2 35. Rf8+ 1-0


[Site "https://www.chess.com"]

[Event "Titled Tuesday Blitz December 13 Early 2022"]
[White "Samunenkov, Ihor"]
[Black "Bodnaruk, Anastasia"]
[WhiteFideId "14187086"]
[BlackFideId "4181751"]
[WhiteElo "2442"]
[BlackElo "2314"]
[Result "1-0"]
[Round "06"]
[TimeControl "180+1"]
[Date "2022.12.14"]
[WhiteClock "0:00:42"]
[BlackClock "0:00:13"]

1. d4 Nf6 2. Nf3 g6 3. Nbd2 d5 4. e3 Bg7 5. b4 a5 6. b5 O-O 7. Bb2 c5 8. c4 b6 9. dxc5 bxc5 10. cxd5 Nxd5 11. Bxg7 Kxg7 12. Qc1 Nd7 13. Be2 Bb7 14. O-O a4 15. Rd1 e6 16. Ne4 Qe7 17. Qb2+ Kg8 18. Rac1 a3 19. Qa1 Ra4 20. Bc4 f5 21. Ng3 N7b6 22. Ne5 Nxc4 23. Rxc4 Rb4 24. e4 fxe4 25. Nxe4 Rxc4 26. Nxc4 Nf4 27. Qe5 Qh4 28. Rd7 Nh3+ 29. gxh3 Qh6 30. Qxe6+ Kh8 31. Qe5+ Kg8 32. Qe6+ Kh8 33. Rxb7 Qc1+ 34. Kg2 Qf4 35. Qe5+ 1-0


[Site "https://www.chess.com"]

[Event "Titled Tuesday Blitz December 13 Early 2022"]
[White "Santos Flores, Alberto"]
[Black "Tan, Zhongyi"]
[WhiteFideId "3601234"]
[BlackFideId "8603642"]
[WhiteElo "2235"]
[BlackElo "2510"]
[Result "0-1"]
[Round "06"]
[TimeControl "180+1"]
[Date "2022.12.14"]
[WhiteClock "0:00:07"]
[BlackClock "0:01:05"]

1. d4 d5 2. Nf3 Nf6 3. c4 e6 4. Nc3 c6 5. e3 Nbd7 6. Qc2 Bd6 7. Bd3 O-O 8. b3 dxc4 9. bxc4 e5 10. O-O exd4 11. exd4 c5 12. d5 Ne5 13. Nxe5 Bxe5 14. Bb2 Re8 15. h3 Bd7 16. Rfe1 Qc7 17. a4 a6 18. Bf5 Bd4 19. Bxd7 Nxd7 20. Ne2 Bxb2 21. Qxb2 Ne5 22. Qb3 Rab8 23. Ng3 Qa5 24. Re4 f6 25. Rae1 Red8 26. f4 Nf7 27. Nf5 g6 28. Qg3 Qxa4 29. Re7 Re8 30. Rxf7 Kxf7 31. Nd6+ Kg7 32. Nxe8+ Rxe8 33. Rxe8 Qxe8 34. f5 Qd7 35. fxg6 hxg6 36. Qf4 b5 37. cxb5 axb5 38. d6 c4 39. h4 c3 40. g4 c2 41. g5 fxg5 42. hxg5 Qxd6 43. Qxd6 c1=Q+ 44. Kh2 Qxg5 45. Qd7+ Kh6 46. Kh1 Qf5 47. Qe7 Qh5+ 48. Kg1 Qg5+ 0-1


[Site "https://www.chess.com"]

[Event "Titled Tuesday Blitz December 13 Early 2022"]
[White "Saravana, Krishnan P."]
[Black "Guliev, Logman"]
[WhiteFideId "5018382"]
[BlackFideId "13400061"]
[WhiteElo "2190"]
[BlackElo "2161"]
[Result "1-0"]
[Round "06"]
[TimeControl "180+1"]
[Date "2022.12.14"]
[WhiteClock "0:00:16"]
[BlackClock "0:00:05"]

1. e4 c5 2. Nf3 d6 3. c3 Nf6 4. Bc4 e6 5. Qe2 Be7 6. Bb3 O-O 7. O-O d5 8. e5 Nfd7 9. d4 cxd4 10. cxd4 Nc6 11. Nc3 Qb6 12. Rd1 f6 13. exf6 Nxf6 14. Bg5 Bd7 15. Rac1 Rae8 16. Bh4 Bd6 17. Na4 Qa5 18. Bg3 Bxg3 19. hxg3 Ne4 20. a3 Kh8 21. Bc2 e5 22. b4 Qd8 23. Bxe4 dxe4 24. Nxe5 Nxe5 25. dxe5 Qg5 26. Nc5 Bc6 27. b5 Bd5 28. Rc2 Rd8 29. e6 e3 30. Qxe3 Qe7 31. Rcd2 b6 32. Rxd5 Rxd5 33. Rxd5 bxc5 34. Qxc5 Qf6 35. e7 Re8 36. Rd8 Rxd8 37. exd8=Q+ Qxd8 38. f3 Qd1+ 39. Kh2 Qd7 40. Qc6 1-0


[Site "https://www.chess.com"]

[Event "Titled Tuesday Blitz December 13 Early 2022"]
[White "Sargissyan, Sargis"]
[Black "Fernandez Garcia, Gumersindo"]
[WhiteFideId "13303210"]
[BlackFideId "24516740"]
[WhiteElo "2109"]
[BlackElo "2140"]
[Result "1-0"]
[Round "06"]
[TimeControl "180+1"]
[Date "2022.12.14"]
[WhiteClock "0:00:42"]
[BlackClock "0:00:25"]

1. e4 Nf6 2. e5 Nd5 3. Nc3 Nxc3 4. dxc3 d6 5. Bc4 Nc6 6. Nf3 dxe5 7. Qxd8+ Nxd8 8. Nxe5 f6 9. Nd3 e5 10. Be3 Be6 11. Bb5+ c6 12. Ba4 Kf7 13. O-O-O b5 14. Bb3 Nb7 15. Nb4 Bxb3 16. cxb3 Bxb4 17. cxb4 Ke7 18. Bc5+ Ke6 19. Be3 a6 20. Bb6 Rhe8 21. Kc2 Re7 22. Rd3 Rd7 23. Rxd7 Kxd7 24. Rd1+ Ke6 25. Rd3 Rc8 26. a3 c5 27. bxc5 Nxc5 28. Rc3 Rc6 29. Bxc5 g6 30. b4 f5 31. Rd3 e4 32. Rd8 f4 33. Kd2 h5 34. Ke2 Kf5 35. Rf8+ Ke5 36. h4 Kd5 37. b3 a5 38. Rxf4 axb4 39. axb4 Ke5 40. Rf8 Ra6 41. Ke3 Ra3 42. Re8+ Kf5 43. Rxe4 Rxb3+ 44. Kd4 Rb2 45. Re5+ Kf6 46. Be7+ Kf7 47. f3 Rd2+ 48. Ke3 Rxg2 49. Bg5 Rb2 50. Rxb5 Rb3+ 51. Kf4 Ke6 52. Rb6+ Kd5 53. Rxg6 Rxb4+ 54. Kg3 Ke5 55. Rh6 Kf5 56. Rxh5 Kg6 57. Rh6+ Kg7 58. Ra6 Rb5 59. Kg4 Rb7 60. f4 Rc7 61. h5 Rb7 62. h6+ Kh7 63. Kh5 Rd7 64. Re6 Rb7 65. Re7+ Rxe7 66. Bxe7 Kg8 67. Kg6 Kh8 68. Bf6+ Kg8 69. h7+ Kf8 70. h8=R# 1-0


[Site "https://www.chess.com"]

[Event "Titled Tuesday Blitz December 13 Early 2022"]
[White "Schut, Han"]
[Black "Sonnenschein, Philipp"]
[WhiteFideId "1005561"]
[BlackFideId "16250877"]
[WhiteElo "2024"]
[BlackElo "2224"]
[Result "1-0"]
[Round "06"]
[TimeControl "180+1"]
[Date "2022.12.14"]
[WhiteClock "0:00:02"]
[BlackClock "0:00:01"]

1. e4 c5 2. Nf3 Nc6 3. d4 cxd4 4. Nxd4 Nf6 5. Nc3 d6 6. Bg5 e6 7. Qd2 a6 8. O-O-O Bd7 9. f4 Be7 10. Nxc6 Bxc6 11. Bd3 h6 12. Bxf6 Bxf6 13. Rhe1 b5 14. Nd5 O-O 15. Nxf6+ Qxf6 16. g4 Rfc8 17. h4 Qxh4 18. Rh1 Qe7 19. g5 e5 20. gxh6 g6 21. f5 Kh7 22. Rhg1 Rg8 23. Qf2 g5 24. f6 Qe6 25. Be2 Rg6 26. Bg4 Qxa2 27. Bf5 Qa1+ 28. Kd2 Qxb2 29. Rxg5 Qb4+ 30. Kc1 d5 31. exd5 Bxd5 32. Rxd5 Qa3+ 33. Kd2 b4 34. Rxg6 Qc3+ 35. Kc1 fxg6 36. Rd7+ Kh8 37. Bxg6 Rc8 38. Rh7+ Kg8 39. Rg7+ Kh8 40. h7 Qa1+ 41. Kd2 Rd8+ 42. Ke3 Qd4+ 43. Kf3 Qf4+ 44. Kg2 Qg4+ 45. Kh2 Rd1 46. Rg8# 1-0


[Site "https://www.chess.com"]

[Event "Titled Tuesday Blitz December 13 Early 2022"]
[White "Seifert, Henryk"]
[Black "Gutkin, Ilya"]
[WhiteFideId "1100963"]
[BlackFideId "16203470"]
[WhiteElo "2120"]
[BlackElo "2265"]
[Result "0-1"]
[Round "06"]
[TimeControl "180+1"]
[Date "2022.12.14"]
[WhiteClock "0:00:03"]
[BlackClock "0:00:10"]

1. e4 e6 2. d4 d5 3. Nd2 c5 4. Ngf3 Nc6 5. exd5 exd5 6. Bb5 a6 7. Qe2+ Qe7 8. Qxe7+ Bxe7 9. Bxc6+ bxc6 10. O-O Nf6 11. Re1 cxd4 12. Nxd4 Bd7 13. N2b3 Kd8 14. Na5 Rc8 15. Nb7+ Kc7 16. Bf4+ Kxb7 17. Rxe7 Rhf8 18. Nf5 Kb6 19. Nxg7 c5 20. Rae1 d4 21. Bg5 Ne8 22. Rxd7 Nxg7 23. Bh6 Rg8 24. Rxf7 Nh5 25. Re6+ Rc6 26. Rxc6+ Kxc6 27. Rxh7 Nf6 28. Rf7 Ng4 29. Bf4 Re8 30. g3 Re2 31. Bg5 Rxc2 32. h4 d3 33. h5 d2 34. h6 d1=Q+ 35. Kg2 Qd5+ 36. Rf3 Ne5 37. h7 Qxf3+ 38. Kh3 Rc1 0-1


[Site "https://www.chess.com"]

[Event "Titled Tuesday Blitz December 13 Early 2022"]
[White "Shtompel, Yuriy"]
[Black "De Souza, Cristiano Gomes"]
[WhiteFideId "14168278"]
[BlackFideId "2151758"]
[WhiteElo "1844"]
[BlackElo "2068"]
[Result "0-1"]
[Round "06"]
[TimeControl "180+1"]
[Date "2022.12.14"]
[WhiteClock "0:00:03"]
[BlackClock "0:00:10"]

1. e4 c5 2. Nf3 d6 3. d4 cxd4 4. Nxd4 Nf6 5. Nc3 a6 6. Be2 e5 7. Nb3 Be6 8. Be3 Be7 9. O-O O-O 10. Nd5 Nxe4 11. Bb6 Qd7 12. Nc7 Nc6 13. Re1 Rac8 14. Nxe6 Qxe6 15. Bf3 Nf6 16. Bxc6 Rxc6 17. Nd4 Qc4 18. Nxc6 bxc6 19. a4 e4 20. b3 Qe6 21. Qd2 d5 22. Qc3 Bd6 23. Bc5 Be5 24. Bd4 Bb8 25. g3 Rc8 26. b4 Ne8 27. f3 f5 28. fxe4 fxe4 29. Rf1 Rc7 30. Be5 Rb7 31. Bxb8 Rxb8 32. Qd4 Nf6 33. Rae1 h6 34. c3 Ng4 35. Rf4 Ne5 36. Kg2 Rf8 37. Rxf8+ Kxf8 38. Qc5+ Kg8 39. Qa7 Nd3 40. Rf1 e3 41. Qb8+ Kh7 42. Rf8 e2 43. Re8 e1=Q 44. Rxe6 Qxe6 45. Qb6 Qe2+ 46. Kh3 Qf1+ 47. Kg4 Ne5+ 48. Kh4 Ng6+ 49. Kg4 Qd1+ 50. Kh3 Qxa4 51. Qd4 Qc2 52. b5 axb5 53. Qc5 Qf5+ 54. Kg2 Ne5 55. Qd4 Qf3+ 56. Kh3 Ng6 57. Qc5 Qf5+ 58. Kg2 Qe4+ 59. Kh3 Qc4 60. Qd6 Qxc3 61. Kg4 Qf6 62. Qb4 Qe5 63. Kh3 Qe4 64. Qd6 d4 65. Qc5 d3 66. Qxc6 Qxc6 0-1


[Site "https://www.chess.com"]

[Event "Titled Tuesday Blitz December 13 Early 2022"]
[White "Shuvalov, Evgenij"]
[Black "Averjanov, Alexey"]
[WhiteFideId "4187237"]
[BlackFideId "14109867"]
[WhiteElo "2049"]
[BlackElo "2640"]
[Result "1-0"]
[Round "06"]
[TimeControl "180+1"]
[Date "2022.12.14"]
[WhiteClock "0:00:21"]
[BlackClock "0:00:41"]

1. d4 d5 2. c4 dxc4 3. Nf3 Nf6 4. Qa4+ Nbd7 5. Qxc4 e6 6. g3 a6 7. Bg2 b5 8. Qc2 Bb7 9. O-O c5 10. dxc5 Bxc5 11. Bg5 Qb6 12. a4 O-O-O 13. b4 Kb8 14. bxc5 Nxc5 15. axb5 Be4 16. Bf4+ Kb7 17. bxa6+ Ka8 18. Ne5 Rd5 19. Bxe4 Nfxe4 20. Nd3 Nb3 21. Ra3 Nd4 22. Qa2 Rc8 23. Rc1 Rxc1+ 24. Bxc1 Qc6 25. Be3 Nc2 26. Ra4 Nd6 27. Bf4 Rxd3 28. exd3 Ne1 29. f3 Qb6+ 30. d4 Nxf3+ 31. Kf2 Nxd4 32. Bxd6 Nb5+ 33. Kg2 Qxd6 34. Qe2 Qd5+ 35. Qf3 Ka7 36. Qxd5 exd5 37. Rb4 Kxa6 38. Nd2 Kb6 39. Nf3 Kc5 40. Rb1 Nd6 41. Rc1+ Nc4 42. Ne5 f6 43. Nxc4 dxc4 44. Kf3 Kd5 45. Ke3 f5 46. Rd1+ Ke5 47. Rd7 g5 48. Rxh7 1-0


[Site "https://www.chess.com"]

[Event "Titled Tuesday Blitz December 13 Early 2022"]
[White "Simonovic, Miroslav"]
[Black "Mitrovic, Darko R"]
[WhiteFideId "919152"]
[BlackFideId "927023"]
[WhiteElo "2057"]
[BlackElo "2150"]
[Result "1-0"]
[Round "06"]
[TimeControl "180+1"]
[Date "2022.12.14"]
[WhiteClock "0:00:45"]
[BlackClock "0:00:02"]

1. d4 Nf6 2. Bg5 e6 3. e4 h6 4. Bxf6 Qxf6 5. Qd3 d5 6. e5 Qd8 7. Nd2 c5 8. dxc5 Bxc5 9. Nb3 Bb6 10. f4 Nc6 11. Nf3 Bd7 12. a3 Rc8 13. O-O-O O-O 14. Kb1 Na5 15. Nxa5 Bxa5 16. Nd4 a6 17. g4 b5 18. c3 Bb6 19. f5 Bxd4 20. cxd4 b4 21. axb4 Rb8 22. Qxa6 Rxb4 23. Rd2 Qg5 24. Qd3 exf5 25. Qc3 Rfb8 26. gxf5 Bxf5+ 27. Bd3 Bxd3+ 28. Qxd3 Qg6 29. Qxg6 fxg6 30. Rc1 Ra8 31. Rc5 Rd8 32. Kc2 g5 33. Kc3 Rb6 34. b4 g4 35. Ra2 1-0


[Site "https://www.chess.com"]

[Event "Titled Tuesday Blitz December 13 Early 2022"]
[White "Skuhala, Barbara"]
[Black "Fabris, Alberto"]
[WhiteFideId "14605465"]
[BlackFideId "801348"]
[WhiteElo "2137"]
[BlackElo "2176"]
[Result "1-0"]
[Round "06"]
[TimeControl "180+1"]
[Date "2022.12.14"]
[WhiteClock "0:00:54"]
[BlackClock "0:00:11"]

1. e4 c5 2. Nf3 d6 3. d4 cxd4 4. Nxd4 Nf6 5. f3 e5 6. Nb3 d5 7. Bg5 dxe4 8. Qxd8+ Kxd8 9. Bxf6+ gxf6 10. fxe4 f5 11. Nc3 Bb4 12. O-O-O+ Ke8 13. Nd5 Bd6 14. exf5 Bxf5 15. Ne3 Bxc2 16. Kxc2 Be7 17. Nd5 Bd8 18. Bb5+ Nc6 19. Rhe1 f6 20. Rf1 Rf8 21. Kb1 Rc8 22. Bxc6+ bxc6 23. Ne3 Bb6 24. Nf5 Rd8 25. a4 a5 26. Rc1 Kd7 27. Nc5+ Bxc5 28. Rxc5 Rc8 29. Rxa5 Ke6 30. g4 Ra8 31. Rc5 Rfc8 32. Rfc1 Rxa4 33. Rxc6+ Rxc6 34. Rxc6+ Kf7 35. h3 h5 36. Rc7+ Kf8 37. Rc6 Kf7 38. gxh5 Rf4 39. Nh6+ Kg7 40. Ng4 e4 41. Kc2 f5 42. Ne5 Rh4 43. h6+ Kh7 44. Nf7 Rxh3 45. Ng5+ 1-0


[Site "https://www.chess.com"]

[Event "Titled Tuesday Blitz December 13 Early 2022"]
[White "So, Wesley"]
[Black "Keymer, Vincent"]
[WhiteFideId "5202213"]
[BlackFideId "12940690"]
[WhiteElo "2763"]
[BlackElo "2600"]
[Result "1-0"]
[Round "06"]
[TimeControl "180+1"]
[Date "2022.12.13"]
[WhiteClock "0:00:32"]
[BlackClock "0:00:01"]

1. e4 c6 2. d4 d5 3. exd5 cxd5 4. Bd3 Nf6 5. c3 Bg4 6. Qb3 Qc7 7. h3 Bh5 8. Ne2 Bxe2 9. Bf4 Qd7 10. Bxe2 e6 11. Nd2 Nc6 12. Nf3 a6 13. O-O Be7 14. Bd3 O-O 15. Rfe1 Rfc8 16. a3 h6 17. Re3 Bd6 18. Ne5 Qc7 19. Rae1 Nd7 20. Rg3 Ndxe5 21. dxe5 Nxe5 22. Bxh6 Nxd3 23. Rxg7+ Kh8 24. Rxe6 fxe6 25. Rxc7 Rxc7 26. Qb6 Rd7 27. Qd4+ Kh7 28. Qh4 Kg8 29. Qg4+ Kh7 30. Qh4 Kg8 31. Qg4+ Kh7 32. Qh5 Ne5 33. Bf4+ Kg8 34. Bxe5 Bxe5 35. Qxe5 Re8 36. h4 Rf7 37. g3 Ree7 38. Kg2 Rf5 39. Qd6 Ref7 40. f4 R5f6 41. Kh3 Kh7 42. a4 Rg7 43. h5 Rgf7 44. a5 Kh6 45. Qe5 Kh7 46. Kg2 Kg8 47. Kf3 Kh7 48. g4 Rf8 49. g5 Rf5 50. Qc7+ Kg8 51. Kg4 e5 52. g6 Rxf4+ 53. Kg5 1-0


[Site "https://www.chess.com"]

[Event "Titled Tuesday Blitz December 13 Early 2022"]
[White "Steinberg, Nitzan"]
[Black "Rakhmatullaev, Almas"]
[WhiteFideId "2801795"]
[BlackFideId "14205793"]
[WhiteElo "2491"]
[BlackElo "2221"]
[Result "0-1"]
[Round "06"]
[TimeControl "180+1"]
[Date "2022.12.13"]
[WhiteClock "0:00:07"]
[BlackClock "0:00:10"]

1. Nf3 Nf6 2. g3 g6 3. Bg2 Bg7 4. O-O O-O 5. c4 c6 6. d4 d6 7. Nc3 Bf5 8. b3 Ne4 9. Bb2 Nxc3 10. Bxc3 d5 11. Rc1 Be4 12. e3 Nd7 13. Nd2 Bxg2 14. Kxg2 e6 15. Qe2 Re8 16. Rfd1 Rc8 17. Qf3 f5 18. Qe2 Nf6 19. Bb2 Ne4 20. Nf3 Qa5 21. a3 Qb6 22. b4 Qa6 23. Rc2 Nd6 24. Nd2 Rcd8 25. Rdc1 dxc4 26. Nxc4 Nxc4 27. Rxc4 Qb5 28. Qf3 Qd5 29. Rc5 Qxf3+ 30. Kxf3 a6 31. R5c4 e5 32. Rd1 Rd5 33. Rc5 Rxc5 34. bxc5 exd4 35. exd4 Re4 36. Bc3 Kf7 37. Rb1 Re7 38. a4 g5 39. h3 h5 40. g4 hxg4+ 41. hxg4 Kg6 42. Rg1 Rf7 43. Ke3 Re7+ 44. Kd3 Rf7 45. Bd2 fxg4 46. Rxg4 Rxf2 47. Rxg5+ Kf7 48. Rg4 Rf3+ 49. Kc4 Rf5 50. Rg1 Rd5 51. Rb1 Rxd4+ 52. Kc3 Rd5+ 53. Kc2 Rxc5+ 54. Kd3 Rd5+ 55. Ke2 b5 56. axb5 axb5 57. Be3 Ke6 58. Rg1 Be5 59. Rg6+ Kd7 60. Kf3 b4 61. Ke4 b3 62. Rg1 b2 63. Rb1 Ke6 64. Bf4 Rd4+ 65. Ke3 Rxf4 66. Rxb2 Bxb2 67. Kxf4 Kd5 68. Ke3 Kc4 69. Kd2 Kb3 70. Kd1 c5 71. Kd2 c4 0-1


[Site "https://www.chess.com"]

[Event "Titled Tuesday Blitz December 13 Early 2022"]
[White "Tarasova, Viktoriya"]
[Black "Fromm, Marius"]
[WhiteFideId "4175840"]
[BlackFideId "12993190"]
[WhiteElo "2182"]
[BlackElo "2325"]
[Result "0-1"]
[Round "06"]
[TimeControl "180+1"]
[Date "2022.12.14"]
[WhiteClock "0:01:05"]
[BlackClock "0:01:37"]

1. d4 Nf6 2. c4 e6 3. Nc3 c5 4. d5 exd5 5. cxd5 d6 6. Nf3 g6 7. Bf4 Bg7 8. h3 O-O 9. e3 Qe7 10. Nd2 Nh5 11. Bh2 f5 12. Be2 f4 13. e4 Nd7 14. O-O Ne5 15. Nf3 Kh8 16. Nxe5 Bxe5 17. Bf3 Nf6 18. Rc1 Bd7 19. a4 a6 20. a5 Rab8 21. Na4 g5 22. b4 Bb5 23. Re1 cxb4 24. Rb1 h5 25. Bxh5 Bxa4 26. Qxa4 Nxh5 27. Qxb4 f3 28. Bxe5+ Qxe5 29. Qb2 Qxb2 30. Rxb2 fxg2 31. Kxg2 Nf4+ 0-1


[Site "https://www.chess.com"]